AoeStats
← 一剑扫秋风nelson

Nomad

504424725Analyzed
4v4 RM · 27d ago on Sep 5, 2026· 44m 44s· 8 players
Game mode
Random Map
Map size
231×231
Population
200
Speed
Normal
Resources
Standard
Victory
Conquest
Starting age
Dark Age
Ending age
Imperial Age
RankedLock teamsTeams togetherTeam positionsShared explorationLock speedFull tech treeHidden civsTurbo modeCheats
Victory
Defeat
🇨🇳 Mapuche · China
1841
+6
🇭🇰 Mongols · Hong Kong SAR China
1743
+8
🇦🇷 Spanish · Argentina
1737
+9
🇻🇳 Dravidians · Vietnam
1656
+12
🇹🇼 Burgundians · Taiwan
1628
-11
🇲🇽 Berbers · Mexico
1568
-9
🇦🇺 Vietnamese · Australia
1549
-8
🇬🇧 Dravidians · United Kingdom
1507
-7
一剑扫秋风nelson
11:02 Loom
13:50 Feudal Age
15:11 Double-Bit Axe
17:59 Castle Age
16:15 Gold Mining
16:57 Stone Mining
16:48 Horse Collar
22:34 Bow Saw
22:44 Forging
28:28 Wheelbarrow
28:10 Town Watch
30:25 Hand Cart
34:50 Imperial Age
32:59 Gold Shaft Mining
32:25 Heavy Plow
35:44 Iron Casting
34:59 Elite Kona
37:24 Blast Furnace
37:35 Conscription
37:49 Butalmapu
39:33 Fletching
40:32 Crop Rotation
41:05 Bodkin Arrow
42:13 Chemistry
42:20 Siege Engineers
43:31 Scale Mail Armor
gjizhijian6866
13:08 Feudal Age
13:54 Loom
17:12 Castle Age
15:50 Double-Bit Axe
16:55 Gold Mining
20:08 Fletching
20:40 Horse Collar
21:23 Bow Saw
22:00 Padded Archer Armor
27:04 Leather Archer Armor
31:29 Wheelbarrow
32:21 Town Watch
33:02 Husbandry
37:05 Imperial Age
34:58 Heavy Plow
35:32 Hand Cart
35:10 Stone Mining
35:42 Bodkin Arrow
35:12 Elite Skirmisher
36:50 Thumb Ring
36:48 Squires
38:12 Conscription
39:07 Chemistry
38:43 Bracer
40:06 Ring Archer Armor
41:25 Two-Man Saw
41:02 Stone Shaft Mining
41:12 Medium Warships
41:21 Careening
42:21 Heavy Warships
42:24 Ballistics
43:33 Dry Dock
ZiZi
10:16 Loom
12:32 Feudal Age
13:54 Wheelbarrow
17:12 Castle Age
15:57 Fletching
17:55 Padded Archer Armor
17:40 Double-Bit Axe
17:45 Crossbowman
31:11 Horse Collar
33:06 Bow Saw
32:57 Heavy Plow
39:29 Imperial Age
38:19 Hand Cart
38:38 Bodkin Arrow
39:55 Thumb Ring
40:06 Leather Archer Armor
40:19 Bracer
44:23 Husbandry
44:41 Elite Elephant Archer
pigpig_aoe
5:38 Loom
13:43 Feudal Age
15:09 Double-Bit Axe
18:15 Forging
19:36 Scale Barding Armor
20:01 Horse Collar
25:16 Castle Age
24:43 Bloodlines
27:02 Wheelbarrow
27:41 Husbandry
30:15 Town Watch
31:16 Chain Barding Armor
33:32 Bow Saw
34:10 Gold Mining
35:51 Hand Cart
36:13 Stone Mining
44:07 Imperial Age
44:36 Thumb Ring
44:21 Fletching
44:32 Padded Archer Armor
44:54 Ballistics
46:01 Chemistry
45:28 Parthian Tactics
ELEG | Huitzilopochtli
6:29 Loom
13:19 Feudal Age
17:32 Castle Age
16:51 Double-Bit Axe
19:06 Bow Saw
18:47 Fletching
25:05 Horse Collar
27:40 Bodkin Arrow
29:26 Wheelbarrow
28:44 Gold Mining
30:52 Heavy Plow
31:09 Padded Archer Armor
32:00 Ballistics
35:40 Imperial Age
33:51 Kasbah
34:49 Leather Archer Armor
34:59 Husbandry
34:51 Town Watch
35:35 Bloodlines
36:44 Bracer
milopokerboy
6:14 Loom
12:41 Feudal Age
16:40 Town Watch
23:18 Castle Age
21:07 Double-Bit Axe
22:03 Forging
22:45 Horse Collar
23:39 Gold Mining
23:20 Pikeman
27:36 Medium Warships
32:22 Fletching
34:15 Scale Mail Armor
36:07 Bodkin Arrow
36:33 Squires
41:41 Arson
游樂比(ULB)
10:28 Fishing Lines
14:04 Feudal Age
14:42 Loom
17:59 Castle Age
15:57 Fletching
16:35 Padded Archer Armor
18:46 Bodkin Arrow
19:09 Gold Mining
19:06 Double-Bit Axe
20:33 Gillnets
24:24 Bow Saw
24:35 Town Watch
28:09 Guard Tower
36:51 Stone Mining
38:02 Horse Collar
Soma
13:26 Feudal Age
14:09 Loom
14:26 Town Watch
17:09 Castle Age
15:12 Double-Bit Axe
16:46 Horse Collar
17:00 Gold Mining
24:38 Fishing Lines
34:03 Bow Saw
33:33 Horse Collar
37:26 Imperial Age
35:32 Wheelbarrow
35:02 Fletching
36:02 Scale Mail Armor
36:12 Forging
36:42 Squires
36:59 Chain Mail Armor
36:54 Forging
37:31 Hand Cart
37:48 Elite Fire Lancer
Connection lost

Rejoining the realm…

Still unreachable

The connection could not be restored.

Session expired

The server has moved on; the page needs a fresh start.